 Dungeon Crawl Stone Soup version 0.13.0 (webtiles) character file.

1707 Malachi the Basher (level 8, 0/60 HPs)
             Began as a Mummy Berserker on Oct 12, 2013.
             Was an Elder of Trog.
             Shot with an arrow by a centaur (9 damage)
             ... on Level 5 of the Dungeon.
             The game lasted 00:09:47 (3969 turns).

Malachi the Basher (Mummy Berserker)                Turns: 3969, Time: 00:09:48

HP   0/60        AC 10     Str 22      XL: 8   Next: 55%
MP   7/7         EV  7     Int  6      God: Trog [****..]
Gold 176         SH  9     Dex 11      Spells:  0 memorised,  7 levels left

Res.Fire  : x . .   See Invis. : .   o - +3,+1 whip (flame)
Res.Cold  : + . .   Warding    : .   j - +0 chain mail
Life Prot.: + + +   Conserve   : .   f - +0 buckler
Res.Poison: +       Res.Corr.  : .   (no helmet)
Res.Elec. : .       Clarity    : .   (no cloak)
Sust.Abil.: . .     Spirit.Shd : .   (no gloves)
Res.Mut.  : .       Stasis     : .   n - +1 pair of boots
Res.Rott. : +       Flight     : .   (no amulet)
Saprovore : . . .                    (no ring)
                                     (no ring)

@: regenerating, very resistant to hostile enchantments, extremely unstealthy
A: no food or potions, fire vulnerability, restore body, cold resistance 1, life
protection 3, poison resistance, torment resistance, unbreathing
a: Burn Spellbooks, Berserk, Trog's Hand, Brothers in Arms, Renounce Religion


You were on level 5 of the Dungeon.
You worshipped Trog.
Trog was greatly pleased with you.
You were not hungry.

You visited 1 branch of the dungeon, and saw 5 of its levels.
You also visited: Sewer.

You collected 156 gold pieces.

Inventory:

Hand weapons
 a - a +0,+1 mace
 h - a +0,+0 sling
 l - a +1,+3 orcish mace
 o - a +3,+1 whip of flaming (weapon)
Missiles
 g - 16 silver sling bullets
 m - 2 javelins (quivered)
Armour
 f - a +0 buckler (worn)
 j - a +0 chain mail (worn)
 n - a +1 pair of boots (worn)
Magical devices
 e - a wand of magic darts (3)
Scrolls
 b - a scroll of random uselessness {unknown}
 c - a scroll of enchant weapon II
 d - a scroll of curse weapon {unknown}
 i - 7 scrolls of identify
 k - 2 scrolls of fog
 p - a scroll of remove curse


   Skills:
 - Level 3.0 Fighting
 * Level 8.7 Maces & Flails
 - Level 1.5 Armour
 - Level 1.5 Dodging
 - Level 0.1 Stealth
 * Level 3.2 Shields


You had 7 spell levels left.
You didn't know any spells.

Dungeon Overview and Level Annotations

Branches:
Dungeon (5/27)
 Temple: D:4-7

Altars:
Makhleb
Nemelex Xobeh


Innate Abilities, Weirdness & Mutations

You do not eat or drink.
Your flesh is vulnerable to fire.
Your flesh is cold resistant.
You are immune to negative energy.
Your system is resistant to poisons.
You are immune to unholy pain and torment.
You can survive without breathing.


Message History

You start resting.
A centaur comes into view.
A centaur is nearby!
The centaur shouts!
The centaur wields a bow.
The centaur shoots an arrow.
The arrow hits you!
You see here an arrow.
The centaur shoots an arrow.
The arrow hits you!
The centaur shoots an arrow.
The arrow hits you!
* * * LOW HITPOINT WARNING * * *
You see here 2 arrows.
The centaur shoots an arrow.
The arrow hits you!
* * * LOW HITPOINT WARNING * * *
The centaur shoots an arrow.
The arrow hits you!
* * * LOW HITPOINT WARNING * * *
You see here an arrow.
Use which ability? (? or * to list)
Your skin crawls.
You feel resistant to hostile enchantments.
The centaur shoots an arrow.
The arrow hits you!
You die...

#### [(.# ### .#.# #.. .#.#
#.# .# ##.# #.##....
.#.###### #.#..#... ........#
#.#..<.... ........#
#######.#.....
......).#####...@.(.#...
.#+###.#...##......(#.##.####
...!........'c......)........
...###<#...##.......#########
#### ##############.# #.# #.#
#.######## ###........###


You could see a centaur.

Vanquished Creatures
  Pikel (D:4)
  Grinder (D:5)
  A phantom (D:4)
  An ogre (D:5)
  A centaur (D:5)
  A big kobold (Sewer)
  A crimson imp (D:5)
  2 hounds
  A big fish (Sewer)
  4 orc priests
  An iguana (D:5)
  2 worker ants
  A gnoll (D:4)
  6 adders
  3 giant mites
  An inept feature mimic (D:4)
  A worm (D:3)
  4 grey rats
  5 giant geckos
  An ooze (D:2)
  8 orcs
  A ball python (D:4)
  4 giant cockroaches
  9 goblins
  11 hobgoblins
  7 jackals
  9 kobolds
  4 quokkas
  7 bats
  A giant newt (D:4)
  A kobold skeleton (D:5)
  An orc skeleton (D:4)
  A quokka skeleton (D:5)
  15 rats
118 creatures vanquished.

Vanquished Creatures (others)
  2 gnolls (D:4)
  A rat (D:4)
3 creatures vanquished.

Grand Total: 121 creatures vanquished

Notes
Turn   | Place    | Note
--------------------------------------------------------------
     0 | D:1      | Malachi, the Mummy Berserker, began the quest for the Orb.
     0 | D:1      | Reached XP level 1. HP: 18/18 MP: 0/0
   410 | D:1      | Reached XP level 2. HP: 24/24 MP: 1/1
   567 | D:2      | Acquired Trog's second power
   793 | D:2      | Reached XP level 3. HP: 2/30 MP: 2/2
  1146 | D:2      | Found a sparkling altar of Nemelex Xobeh.
  1590 | D:2      | Reached skill level 4 in Maces & Flails
  1707 | D:2      | Reached XP level 4. HP: 32/36 MP: 3/3
  1765 | D:3      | Found a burning altar of Makhleb.
  2125 | D:3      | Reached XP level 5. HP: 18/41 MP: 4/4
  2622 | D:4      | Noticed a phantom
  2649 | D:4      | Killed a phantom
  2649 | D:4      | Reached skill level 5 in Maces & Flails
  2649 | D:4      | Reached skill level 1 in Shields
  2764 | D:4      | Reached XP level 6. HP: 43/48 MP: 5/5
  2877 | D:4      | Noticed a slave
  2879 | D:4      | Noticed Pikel
  2890 | D:4      | Noticed a slave
  2891 | D:4      | Noticed a slave
  2913 | D:4      | Killed Pikel
  2913 | D:4      | Reached skill level 7 in Maces & Flails
  2913 | D:4      | Reached XP level 7. HP: 36/53 MP: 6/6
  2975 | D:4      | Noticed a freed slave
  3255 | D:4      | Acquired Trog's third power
  3292 | D:4      | Found a glowing drain.
  3309 | Sewer    | Entered a sewer
  3442 | Sewer    | Found a glowing silver altar of Zin.
  3523 | D:5      | Entered Level 5 of the Dungeon
  3595 | D:5      | Reached XP level 8. HP: 55/60 MP: 7/7
  3728 | D:5      | Reached skill level 8 in Maces & Flails
  3909 | D:5      | Noticed Grinder
  3942 | D:5      | Killed Grinder
  3969 | D:5      | Shot with an arrow by a centaur

Action                   |  1- 3 |  4- 6 |  7- 9 || total
-------------------------+-------+-------+-------++-------
Melee: Mace              |   150 |   125 |       ||   275
       Whip              |       |       |   237 ||   237
Invok: Trog's Hand       |       |     1 |     3 ||     4
  Use: Scroll            |     2 |       |     5 ||     7
